 Dungeon Crawl Stone Soup version 0.18.1-6-gd335043 (webtiles) character file.

122 jacquesderrida the Poker (level 4, -1/49 HPs)
             Began as a Demonspawn Skald on May 15, 2016.
             Slain by a scorpion (2 damage)
             ... on level 4 of the Dungeon.
             The game lasted 00:09:53 (1992 turns).

jacquesderrida the Poker (Demonspawn Skald)         Turns: 1992, Time: 00:09:55

Health: -1/49      AC:  3    Str: 17    XL:     4   Next: 78%
Magic:  5/7        EV: 11    Int: 13    God:
Gold:   98         SH:  0    Dex: 14    Spells: 2 memorised, 3 levels left

rFire  + . .     SeeInvis .     a - +0 spear
rCold  . . .     Gourm    +     b - +0 leather armour
rNeg   . . .     Faith    .     (no shield)
rPois  .         Spirit   .     (no helmet)
rElec  .         Dismiss  .     (no cloak)
rCorr  .         Reflect  .     (no gloves)
SustAt .         Harm     .     (no boots)
MR     .....                    n - amulet of the gourmand
Stlth  ..........               (no ring)
                                e - ring of protection from fire

@: mighty, berserking, lethally poisoned (-1 -> -10), infused, very quick, not
resistant to hostile enchantments, extremely unstealthy
A: powered by death 2
a: no special abilities


You were on level 4 of the Dungeon.
You were not hungry.

You visited 1 branch of the dungeon, and saw 4 of its levels.

You collected 98 gold pieces.

Inventory:

Hand Weapons
 a - a +0 spear (weapon)
 r - a +0 great mace
Armour
 b - a +0 leather armour (worn)
Jewellery
 e - a ring of protection from fire (left hand)
 n - an amulet of the gourmand (around neck)
Scrolls
 h - a scroll of magic mapping {unknown}
 k - 7 scrolls of identify {unknown}
 l - a scroll of amnesia {unknown}
 o - a scroll of enchant weapon {unknown}
 p - a scroll of teleportation {unknown}
Potions
 j - a potion of cancellation {unknown}
 m - a potion of flight {unknown}
 q - 2 potions of lignification {unknown}
 s - a potion of curing {unknown}
Books
 c - a book of Battle

   Spells                             Type                      Level
   a - Infusion                       Charms                       1
   b - Shroud of Golubria             Charms/Translocation         2
   c - Song of Slaying                Charms                       2
   d - Spectral Weapon                Hexes/Charms                 3
   e - Regeneration                   Charms/Necromancy            3
Comestibles
 d - 3 bread rations
 f - 3 meat rations


   Skills:
 + Level 2.0 Fighting
 + Level 4.3 Polearms
 - Level 0.8 Armour
 - Level 0.8 Dodging
 - Level 2.0 Spellcasting
 + Level 1.1 Hexes
 - Level 2.6 Charms


You had 3 spell levels left.
You knew the following spells:

 Your Spells              Type           Power        Failure   Level  Hunger
a - Infusion              Chrm           #...         12%         1    ##.....
b - Spectral Weapon       Hex/Chrm       #.......     50%         3    ####...


Dungeon Overview and Level Annotations

Branches:
Dungeon (4/15)
 Temple: D:4-7

Altars:

Annotations:
D:2 Sigmund


Innate Abilities, Weirdness & Mutations

You regenerate health from kills.


Message History

The scorpion stings you but does no damage.
Drink which item? (? for menu, Esc to quit)
It was a potion of berserk rage.
A red film seems to cover your vision as you go berserk!
You feel yourself moving faster!
You feel mighty! The scorpion stings you.
* * * LOW HITPOINT WARNING * * *
You are more poisoned.
The scorpion poisons you!
You closely miss the scorpion.
The scorpion is lightly wounded.
* * * LOW HITPOINT WARNING * * *
You feel sick. The scorpion barely misses you.
You hit the scorpion!
The scorpion is heavily wounded.
Unknown command.
You closely miss the scorpion.
The scorpion is heavily wounded.
* * * LOW HITPOINT WARNING * * *
You feel sick. The scorpion stings you.
You die...

#+##
#...##
#.....#
##.......
#@s......
+........
#.....<..
##.......
#.....#
#...##
#+##


You could see a scorpion.

Vanquished Creatures
  Jessica (D:2)
  5 adders
  2 worms
  A dart slug (D:2)
  2 giant geckos
  2 orcs (D:3)
  3 ball pythons
  4 bats
  A giant cockroach (D:3)
  7 goblins
  4 hobgoblins
  A jackal (D:1)
  4 kobolds
  A quokka (D:3)
  2 rats
40 creatures vanquished.

Notes
Turn   | Place    | Note
--------------------------------------------------------------
     0 | D:1      | jacquesderrida the Demonspawn Skald began the quest for the Orb.
     0 | D:1      | Reached XP level 1. HP: 16/16 MP: 3/3
    59 | D:1      | Reached skill level 2 in Polearms
   493 | D:1      | Gained mutation: You regenerate a little health from kills. [demonic ancestry]
   493 | D:1      | Reached XP level 2. HP: 21/22 MP: 5/5
   628 | D:2      | Reached skill level 3 in Polearms
   677 | D:2      | Reached XP level 3. HP: 22/27 MP: 0/6
   756 | D:2      | Noticed Jessica
   777 | D:2      | Killed Jessica
   777 | D:2      | Gained mutation: You regenerate health from kills. [demonic ancestry]
   777 | D:2      | Reached XP level 4. HP: 31/33 MP: 7/7
   811 | D:2      | Noticed Sigmund
   850 | D:1      | Reached skill level 4 in Polearms
  1008 | D:2      | Learned a level 3 spell: Spectral Weapon
  1015 | D:2      | Paralysed by miscasting Spectral Weapon for 7 turns
  1648 | D:3      | Reached skill level 1 in Hexes
  1990 | D:4      | HP: 2/49 [poisoned by a scorpion]
  1992 | D:4      | Slain by a scorpion

Skill      XL: |  1  2  3  4 |
---------------+-------------+-----
Polearms       | 2 3 4 |  4.3
Hexes          | 1 |  1.1
Fighting       | |  2.0
Armour         | |  0.8
Dodging        | |  0.8
Spellcasting   | |  2.0
Charms         | |  2.6

Action                   |  1- 3 |  4- 6 || total
-------------------------+-------+-------++-------
Melee: Spear             |    99 |   122 ||   221
 Cast: Infusion          |     2 |     8 ||    10
  Use: Potion            |     1 |     2 ||     3
 Stab: Sleeping          |     1 |     1 ||     2
  Eat: Fruit             |       |     3 ||     3
       Chunk             |       |     2 ||     2
Armor: Leather armour    |    32 |    21 ||    53
Dodge: Dodged            |    47 |    36 ||    83
